 Dungeon Crawl Stone Soup version 0.28.0-53-g5a82cb258f (webtiles) character file.

Game seed: 13691938794022144840

7478 KamiKatze the Destroyer (level 11, -2/61 HPs)
             Began as an Octopode Conjurer on May 26, 2022.
             Was a Priest of Vehumet.
             Killed from afar by an orc wizard (10 damage)
             ... with a magic dart
             ... on level 2 of the Orcish Mines.
             The game lasted 00:50:03 (14357 turns).

KamiKatze the Destroyer (Octopode Conjurer)        Turns: 14357, Time: 00:50:03

Health: -2/61      AC:  1    Str:  7    XL:     11   Next: 15%
Magic:  2/22       EV: 13    Int: 31    God:    Vehumet [***...]
Gold:   817        SH:  8    Dex: 10    Spells: 11/25 levels left

rFire   + . .      SeeInvis .   D - staff of fire
rCold   . . .      Faith    .   G - +0 buckler
rNeg    . . .      Spirit   .   (helmet restricted)
rPois   .          Reflect  +   o - amulet of reflection
rElec   .          Harm     .   k - +6 ring of intelligence
rCorr   .          Rampage  .   (no ring)
Will    .....                   (no ring)
Stlth   +++.......              (no ring)
HPRegen 0.20/turn               (no ring)
MPRegen 0.18/turn               (no ring)
                                (no ring)
                                (no ring)

@: no status effects
A: almost no armour, amphibious, 8 rings, camouflage 1, gelatinous body 1,
(nimble swimmer 1), tentacles
a: Renounce Religion


You were on level 2 of the Orcish Mines.
You worshipped Vehumet.
Vehumet was most pleased with you.
You visited 3 branches of the dungeon, and saw 13 of its levels.
You also visited: Ossuary.

You collected 875 gold pieces.
You spent 58 gold pieces at shops.

Inventory:

Hand Weapons
 a - a +3 dagger of draining
 d - a +0 whip
 g - a +4 spectral trident
Missiles
 f - a curare-tipped dart
 i - 101 stones (quivered)
 v - 23 poisoned darts
 A - 5 atropa-tipped darts
Armour
 G - a +0 buckler (worn)
Magical Staves
 D - a staff of fire (weapon)
Jewellery
 k - a +6 ring of intelligence (left tentacle)
 o - an amulet of reflection (around mantle)
 C - an amulet of the acrobat
Wands
 n - a wand of flame (9)
 u - a wand of paralysis (23)
 x - a wand of polymorph (13)
 y - a wand of mindburst (9)
 E - a wand of charming (6)
 F - a wand of digging (8)
Scrolls
 b - a scroll of magic mapping
 j - 3 scrolls of enchant armour
 m - 3 scrolls of fog
 q - 6 scrolls of teleportation
 r - a scroll of amnesia
Potions
 c - 6 potions of magic
 e - 2 potions of berserk rage
 h - 2 potions of might
 l - 3 potions of attraction
 p - a potion of brilliance
 s - a potion of lignification {unknown}
 t - 2 potions of heal wounds
 w - a potion of flight
 B - 6 potions of curing


   Skills:
 - Level 3.0 Dodging
 - Level 3.0 Stealth
 * Level 1.8 Shields
 * Level 7.9 Spellcasting
 * Level 9.3 Conjurations
 * Level 8.2 Hexes
 * Level 8.3 Translocations


You had 11 spell levels left.
You knew the following spells:

 Your Spells              Type           Power      Damage    Failure   Level
a - Magic Dart            Conj           100%       1d8       1%          1
b - Searing Ray           Conj           100%       2d8       1%          2
c - Fulminant Prism       Conj/Hex       30%        3d16      1%          4
d - Iskenderun's Mystic   Conj/Tloc      61%        2d13      1%          4
e - Tukima's Dance        Hex            58%        N/A       1%          3

Your spell library contained the following spells:

 Spells                   Type           Power      Damage    Failure   Level
 Scorch                   Fire           36%        2d7       2%          2
 Foxfire                  Conj/Fire      100%       2x1d9     1%          1
 Blink                    Tloc           100%       N/A       1%          2
 Ensorcelled Hibernation  Hex/Ice        74%        N/A       1%          2
 Conjure Flame            Conj/Fire      58%        6-21      1%          3
 Dazzling Flash           Conj/Hex       100%       N/A       1%          3
 Inner Flame              Hex/Fire       54%        N/A       1%          3
 Lesser Beckoning         Tloc           59%        N/A       1%          3
 Mephitic Cloud           Conj/Pois/Air  31%        N/A       1%          3
 Cause Fear               Hex            29%        N/A       1%          4
 Flame Wave               Conj/Fire      58%        2d11      2%          4
 Manifold Assault         Tloc           59%        N/A       4%          5
 Animate Skeleton         Necr           24%        N/A       5%          1
 Pain                     Necr           48%        1d6       5%          1
 Call Imp                 Summ           12%        N/A       9%          2
 Passwall                 Tmut/Erth      10%        N/A       9%          2
 Anguish                  Hex/Necr       18%        N/A       10%         4
 Swiftness                Air            12%        N/A       16%         3
 Vampiric Draining        Necr           12%        2d6       16%         3
 Summon Forest            Summ/Tloc      19%        N/A       26%         5
 Agony                    Necr           12%        N/A       83%         5
 Excruciating Wounds      Necr           6%         N/A       83%         5
 Enfeeble                 Hex            29%        N/A       83%         7
 Eringya's Noxious Bog    Tmut/Pois      6%         N/A       87%         6
 Dragon Form              Tmut           6%         N/A       100%        7
 Summon Hydra             Summ           6%         N/A       100%        7
 Dragon's Call            Summ           6%         N/A       100%        9


Dungeon Overview and Level Annotations

Branches:
Dungeon (10/15)            Temple (1/1) D:6             Orc (2/2) D:9
Ossuary (visited)
   Lair: D:8-11         Elf: Orc:2

Altars:
Ashenzari
Cheibriados
Dithmenos
Elyvilon
Fedhas
Gozag
Hepliaklqana
Kikubaaqudgha
Makhleb
Nemelex Xobeh
Okawaru
Qazlal
Ru
Sif Muna
Trog
Uskayaw
Vehumet
Wu Jian
Xom
Yredelemnul
Zin
The Shining One
Beogh

Shops:
D:7 (   D:8 [   D:9 [

Annotations:
D:3 3 runed translucent doors, exclusion: 3 doors, KamiKatze's ghost, amateur OpCj
D:4 3 runed translucent doors, exclusion: 3 doors, Alfie's ghost, amateur HOFi
D:5 3 runed translucent doors, exclusion: 3 doors, CryoSword's ghost, novice OgBe
D:10 EROLCHA!!!, Erolcha
Orc:1 Harold
Orc:2 exclusion: upstairs


Innate Abilities, Weirdness & Mutations

You cannot wear most types of armour.
You are amphibious.
You can wear up to eight rings at the same time.
Your skin changes colour to match your surroundings (Stealth+).
Your rubbery body absorbs attacks. (AC +1, EV +1)
((You are camouflaged when in or above water. (Stealth+)))
You have tentacles for arms and can constrict up to eight enemies at once.


Message History

Confirm with . or Enter, or press ? or * to list all spells.
Aiming: Fulminant Prism (safe; 1% risk of failure)
Press: ? - help, Dir - move target, p - ettin You conjure a prism of explosive energy!
A fulminant prism comes into view.
Unknown command.
Casting: Fulminant Prism (safe; 1% risk of failure)
Confirm with . or Enter, or press ? or * to list all spells.
You erupt in a blast of force!
The mystic blast hits the ettin!
The ettin is heavily wounded.
The ettin is knocked back by the mystic blast.
Your +0 dire flail hits the ettin!
Your fulminant prism crackles loudly.
Your +0 dire flail completely misses the ettin.
Your fulminant prism explodes!
The blast of energy engulfs the ettin!!
The ettin is almost dead.
The blast of energy engulfs your +0 dire flail!
Your +0 dire flail falls from the air.
You hear a shout! x4
You hit the ettin.
The ettin is almost dead.
The ettin hits you!!
Ouch! That really hurt!
The ettin hits you!!
* * * LOW HITPOINT WARNING * * *
Unknown command.
An orc wizard comes into view. It is wielding a +0 dagger.
An orc wizard comes into view. It is wielding a +1 dagger of freezing.
Casting: Iskenderun's Mystic Blast (safe; 1% risk of failure)
Confirm with . or Enter, or press ? or * to list all spells.
Aiming: Magic Dart (safe; 1% risk of failure)
Press: ? - help, Shift-Dir - straight line, f - ettin
Aim: an ettin (almost dead, 100% to hit)
Okay, then.
The orc wizard casts a spell at you.
You easily resist.
The orc wizard points at you and mumbles some strange words.
The magic dart hits you!
You die...

...o........#
#.o.......### ##
##........##.##
##.##.............#
#................##
##.......#.......##
#..<.....##.......##
##......###.C......##
#.......######@.....#
###.......#......####
#..#...........#..#
####......<...#####
#............#
##..........## .
##...)....## ..#
###)........##
....#.....#......#


You could see an ettin and an orc wizard.

Vanquished Creatures
  2 two-headed ogres
  Pikel (D:6)
  2 trolls
  2 dancing weapons (Orc:2)
  A wyvern (D:9)
  Eustachio (D:5)
  A steam dragon (D:9)
  Menkaure (D:7)
  An acid dragon (D:9)
  3 water moccasins (D:6)
  Duvessa (D:7)
  A sky beast (Temple)
  8 orc warriors
  A black bear (D:5)
  2 necrophages
  2 centaurs
  4 ogres
  4 lemures (D:6)
  An elf zombie (Ossuary)
  3 kobold brigands (D:8)
  2 bullfrogs (D:8)
  3 scorpions
  Dowan (D:7)
  3 killer bees (D:10)
  2 electric eels
  A howler monkey (D:8)
  2 bullfrog zombies
  5 centaur zombies
  A hound (D:5)
  11 orc priests
  2 jellies
  2 human zombies (Ossuary)
  3 iguanas
  A scorpion zombie (D:5)
  Natasha (thrice) (D:3)
  16 orc wizards
  A hound skeleton (D:5)
  2 mummies (Ossuary)
  A howler monkey zombie (D:9)
  An adder (D:6)
  2 adder skeletons (D:4)
  An adder zombie (Ossuary)
  A dart slug (D:4)
  41 orcs
  6 ball pythons
  4 endoplasms
  A giant cockroach (D:4)
  8 goblins
  7 hobgoblins
  5 jackals (D:1)
  18 kobolds
  2 quokkas
  6 bats
  6 frilled lizards
  2 goblin zombies (Ossuary)
  12 hobgoblin zombies (Ossuary)
  3 jackal zombies (Ossuary)
  7 kobold zombies (Ossuary)
  8 orc zombies (Ossuary)
  2 rats (D:3)
  A fulminant prism (D:9)
248 creatures vanquished.

Vanquished Creatures (collateral kills)
  Maggie (D:7)
  Edmund (D:5)
  A centaur (D:6)
3 creatures vanquished.

Vanquished Creatures (others)
  A dancing weapon (D:8)
  91 fulminant prisms
  A plant (D:7)
93 creatures vanquished.

Grand Total: 344 creatures vanquished

Notes
Turn   | Place    | Note
-------+----------+-------------------------------------------
     0 | D:1      | KamiKatze the Octopode Conjurer began the quest for the
                  | Orb.
     0 | D:1      | Reached XP level 1. HP: 11/11 MP: 3/3
   231 | D:1      | Reached XP level 2. HP: 17/17 MP: 3/5
   234 | D:1      | Learned a level 2 spell: Searing Ray
   533 | D:1      | Reached skill level 1 in Translocations
   562 | D:1      | Reached XP level 3. HP: 21/21 MP: 3/6
   638 | D:1      | Found a faded altar of an unknown god.
  1373 | D:3      | Reached skill level 1 in Hexes
  1383 | D:3      | Noticed Natasha
  1386 | D:3      | HP: 1/21 [Natasha/puff of flame (11)]
  1387 | D:3      | Killed Natasha
  1388 | D:3      | Reached XP level 4. HP: 2/27 MP: 3/7
  1727 | D:3      | Found a runed translucent gate.
  1728 | D:3      | Found an opulent altar of Gozag.
  1730 | D:3      | Found a runed translucent gate.
  1730 | D:3      | Found a runed translucent gate.
  1730 | D:3      | Noticed an ice beast
  1731 | D:3      | Noticed KamiKatze's ghost (amateur OpCj)
  2210 | D:3      | Noticed Natasha
  2214 | D:3      | Killed Natasha
  2464 | D:3      | Noticed Natasha
  2468 | D:3      | Killed Natasha
  2469 | D:3      | Reached XP level 5. HP: 31/31 MP: 3/9
  3029 | D:4      | Found a hazy altar of Hepliaklqana.
  3126 | D:4      | Reached XP level 6. HP: 36/36 MP: 8/10
  3200 | D:4      | Found a basalt altar of Yredelemnul.
  3292 | D:4      | Found a runed translucent gate.
  3292 | D:4      | Found a runed translucent gate.
  3293 | D:4      | Found a runed translucent gate.
  3295 | D:4      | Noticed Alfie's ghost (amateur HOFi)
  3296 | D:4      | Identified the +8 spear of Sodequd {elec, rF+}
  3481 | D:5      | Entered Level 5 of the Dungeon
  3516 | D:5      | Reached skill level 5 in Conjurations
  3639 | D:5      | Found a sand-covered staircase.
  3645 | Ossuary  | Entered an ossuary
  3667 | Ossuary  | Learned a level 4 spell: Fulminant Prism
  3672 | Ossuary  | Learned a level 4 spell: Iskenderun's Mystic Blast
  4286 | Ossuary  | Reached XP level 7. HP: 41/41 MP: 1/12
  4807 | D:5      | Found a runed translucent gate.
  4808 | D:5      | Found a runed translucent gate.
  4810 | D:5      | Found a runed translucent gate.
  5112 | D:5      | Noticed CryoSword's ghost (novice OgBe)
  5135 | D:5      | Reached XP level 8. HP: 36/46 MP: 2/14
  5619 | D:5      | Noticed Eustachio
  5627 | D:5      | Killed Eustachio
  5628 | D:5      | Reached skill level 6 in Conjurations
  6138 | D:6      | Found a staircase to the Ecumenical Temple.
  6146 | Temple   | Entered the Ecumenical Temple
  6328 | Temple   | Became a worshipper of Vehumet
  6922 | D:6      | Found an ancient bone altar of Kikubaaqudgha.
  6953 | D:6      | HP: 1/46 [centaur/arrow (12)]
  7262 | D:6      | Learned a level 3 spell: Tukima's Dance
  7759 | D:6      | Reached skill level 5 in Spellcasting
  7759 | D:6      | Reached skill level 5 in Translocations
  7875 | D:6      | Noticed Edmund
  7933 | D:5      | Killed Edmund
  7934 | D:5      | Reached skill level 5 in Hexes
  7934 | D:5      | Reached XP level 9. HP: 21/51 MP: 0/16
  8148 | D:6      | Reached skill level 7 in Conjurations
  8344 | D:6      | Noticed Pikel
  8357 | D:6      | Killed Pikel
  8594 | D:7      | Noticed Menkaure
  8594 | D:7      | Noticed Duvessa
  8743 | D:7      | Noticed Dowan
  8751 | D:7      | Killed Duvessa
  8867 | D:7      | Killed Dowan
  9009 | D:7      | Killed Menkaure
  9057 | D:7      | Found Noloan's Hydra Hut.
  9062 | D:7      | Noticed a four-headed hydra
  9119 | D:7      | Noticed Maggie
  9133 | D:7      | Killed Maggie
  9292 | D:7      | Reached * piety under Vehumet
  9292 | D:7      | Offered knowledge of Sandblast by Vehumet.
  9293 | D:7      | Reached XP level 10. HP: 56/56 MP: 7/19
 10093 | D:8      | Reached skill level 8 in Conjurations
 10094 | D:8      | Noticed a two-headed ogre
 10571 | D:8      | Found Udduem's Armour Shop.
 10918 | D:8      | Paralysed by a kobold for 6 turns
 11252 | D:8      | Killed a two-headed ogre
 11690 | D:9      | Noticed a two-headed ogre
 12421 | D:9      | Killed a two-headed ogre
 12490 | D:9      | Offered knowledge of Static Discharge by Vehumet.
 12607 | D:9      | Reached ** piety under Vehumet
 12626 | D:9      | Reached skill level 9 in Conjurations
 12941 | D:9      | Found a staircase to the Orcish Mines.
 13117 | D:9      | Found Enlopuci's Armour Shop.
 13122 | D:9      | Bought a +0 buckler for 58 gold pieces
 13149 | D:10     | Entered Level 10 of the Dungeon
 13151 | D:10     | Noticed Erolcha
 13209 | D:10     | Reached XP level 11. HP: 61/61 MP: 17/22
 13401 | Orc:1    | Entered Level 1 of the Orcish Mines
 13405 | Orc:1    | Reached skill level 1 in Shields
 13406 | Orc:1    | Offered knowledge of Scorch by Vehumet.
 13810 | Orc:2    | Entered Level 2 of the Orcish Mines
 14041 | Orc:1    | Reached *** piety under Vehumet
 14049 | Orc:1    | Noticed Harold
 14197 | Orc:2    | Noticed an ettin
 14357 | Orc:2    | Killed from afar by an orc wizard

Illustrated notes

Levels and vault maps discovered:
D:1:      kennysheep_arrival_forest, layout_basic,
          hellmonk_ecumenical_altar_pennies_from_heaven
D:2:      layout_rooms
D:3:      wad_crossroads, layout_loops_cross, ebering_ghost_gozag, uniq_natasha
D:4:      layout_rooms, mainiacjoe_overflow_alcove_2,
          mainiacjoe_overflow_cross_hatched, biasface_ghost_orc_armoury
D:5:      layout_basic, enter_ossuary_2, gammafunk_ghost_split, uniq_eustachio
D:6:      layout_rooms, nicolae_kikubaaqudgha_miasma_corner,
          minmay_temple_entry_trees, uniq_pikel, uniq_edmund
D:7:      layout_loops_ring, minmay_misc_feat_four_crosses, nrook_mini_vaults,
          doesnt_shop_hydraphobe, uniq_menkaure, uniq_duvessa, uniq_maggie
D:8:      layout_basic, serial_shops, shop
D:9:      layout_roguey, erik_orc_2, serial_shops, shop
D:10:     layout_rooms, serial_bayou_ford_a, kennysheep_crisscross,
          lemuel_flame_loot_1, uniq_erolcha
Temple:   mainiacjoe_temple_bowtie_tessellation
Orc:1:    layout_diamond_mine, uniq_harold
Orc:2:    st_orc_town, layout_diamond_mine, ebering_ghost_xom

Skill      XL: |  1  2  3  4  5  6  7  8  9 10 11 |
---------------+----------------------------------+-----
Translocations | 1 2 3 4 5 6 8 |  8.3
Stealth        | 3 |  3.0
Hexes          | 1 2 3 5 6 7 8 |  8.2
Spellcasting   | 3 4 5 6 7 |  7.9
Conjurations   | 5 6 7 9 |  9.3
Dodging        | 3 |  3.0
Shields        | 1 |  1.8

Action                   |  1- 3 |  4- 6 |  7- 9 | 10-12 || total
-------------------------+-------+-------+-------+-------++-------
Melee: Unarmed           |     4 |       |     5 |       ||     9
       Tentacles         |     6 |     9 |    16 |     1 ||    32
       Dagger            |    14 |    32 |    38 |       ||    84
       Constrict         |     5 |     5 |     7 |     1 ||    18
       Punch             |       |     1 |     2 |       ||     3
       Staff             |       |       |       |     5 ||     5
 Cast: Magic Dart        |    53 |    94 |    21 |    29 ||   197
       Searing Ray       |     1 |    13 |    21 |     5 ||    40
       Iskenderun's Myst |       |       |    17 |    27 ||    44
       Fulminant Prism   |       |       |    29 |    63 ||    92
       Tukima's Dance    |       |       |     7 |    10 ||    17
  Use: Scroll            |       |    10 |     7 |     8 ||    25
 Stab: Sleeping          |     1 |     3 |     2 |       ||     6
Armor: Skin              |     1 |     6 |    12 |       ||    19
Dodge: Dodged            |     8 |    28 |    52 |    11 ||    99
Block: Other             |       |     7 |    23 |     2 ||    32
       Reflection        |       |       |     2 |       ||     2
       Buckler           |       |       |       |     3 ||     3
